 Dungeon Crawl Stone Soup version 0.28.0-53-g5a82cb258f (webtiles) character file.

Game seed: 1908027567109896836

12059 danilk0ff the Thrower (level 11, -8/111 HPs)
             Began as a Troll Monk on July 21, 2022.
             Was a High Priest of Okawaru.
             Mangled by an 11-headed hydra (13 damage)
             ... on level 11 of the Dungeon.
             The game lasted 01:10:13 (11261 turns).

danilk0ff the Thrower (Troll Monk)                 Turns: 11261, Time: 01:10:13

Health: -8/111     AC:  6    Str: 21    XL:     11   Next: 57%
Magic:  16/16      EV:  8    Int:  6    God:    Okawaru [*****.]
Gold:   2481       SH: 21    Dex: 20    Spells: 10/10 levels left

rFire   . . .      SeeInvis .     - Unarmed
rCold   . . .      Faith    .   m - +0 tower shield
rNeg    . . .      Spirit   .   L - +1 robe of Winter {+Blink +Inv rPois Str-2}
rPois   +          Reflect  +   (helmet restricted)
rElec   .          Harm     .   u - +0 cloak
rCorr   .          Rampage  .   (gloves unavailable)
Will    .....                   (boots unavailable)
Stlth   ++........              x - amulet of reflection
HPRegen 1.08/turn               w - +6 ring of dexterity
MPRegen 0.15/turn               (no ring)

@: no status effects
A: large, unfitting armour, claws 3, regeneration 1, shaggy fur 1, tough skin 1
a: Renounce Religion, Evoke Blink, Evoke Invisibility, Heroism, Finesse, Duel


You were on level 11 of the Dungeon.
You worshipped Okawaru.
Okawaru was extremely pleased with you.
You visited 1 branch of the dungeon, and saw 12 of its levels.
You also visited: Ossuary and Bailey.

You collected 2691 gold pieces.
You spent 210 gold pieces at shops.

Inventory:

Missiles
 g - 16 boomerangs
 h - 7 javelins
 k - 12 bolts
 q - 5 silver javelins
 D - a throwing net
 E - 45 poisoned darts
 I - 8 curare-tipped darts (quivered)
 J - 4 datura-tipped darts
 K - 10 atropa-tipped darts
Armour
 m - a +0 tower shield (worn)
 u - a +0 cloak (worn)
 L - the +1 robe of Winter (worn) {+Blink +Inv rPois Str-2}
   (Okawaru gifted it to you in a bailey)

   Str:       It affects your strength (-2).
   rPois:     It protects you from poison.
   +Inv:      It lets you turn invisible.
   +Blink:    It lets you blink.
Jewellery
 o - an amulet of guardian spirit
 w - a +6 ring of dexterity (left claw)
 x - an amulet of reflection (around neck)
 G - a ring of see invisible
 O - a +4 ring of evasion
Wands
 d - a wand of iceblast (1)
 s - a wand of digging (5)
 v - a wand of flame (34)
 H - a wand of acid (2)
Scrolls
 a - 3 scrolls of identify
 b - 2 scrolls of amnesia
 e - 4 scrolls of noise
 f - 2 scrolls of immolation
 j - a scroll of fog {unknown}
 l - 10 scrolls of teleportation {unknown}
 p - 2 scrolls of enchant weapon
 y - a scroll of enchant armour {unknown}
 B - 2 scrolls of fear {unknown}
 C - 2 scrolls of summoning {unknown}
 P - a scroll of vulnerability {unknown}
Potions
 c - a potion of cancellation
 i - a potion of berserk rage {unknown}
 n - 3 potions of ambrosia
 r - 4 potions of heal wounds
 t - 2 potions of invisibility
 z - 2 potions of haste
 A - a potion of might
 F - a potion of mutation
 M - a potion of flight {unknown}
 N - a potion of lignification {unknown}


   Skills:
 + Level 8.0 Fighting
 - Level 2.6 Axes
 + Level 8.2 Throwing
 - Level 2.7 Dodging
 - Level 1.0 Stealth
 + Level 7.3 Shields
 - Level 5.0 Unarmed Combat
 + Level 8.1 Invocations


You had 10 spell levels left.
You didn't know any spells.
Your spell library contained the following spells:

 Spells                   Type           Power      Damage    Failure   Level
 Static Discharge         Conj/Air       0%         N/A       98%         2
 Passage of Golubria      Tloc           0%         N/A       100%        4
 Lightning Bolt           Conj/Air       0%         1d11      100%        5
 Yara's Violent Unravell  Hex/Tmut       0%         3d3       100%        5
 Maxwell's Capacitive Co  Air            0%         ∞         100%        8
 Tukima's Dance           Hex            Unusable   N/A       N/A         3

Dungeon Overview and Level Annotations

Branches:
Dungeon (12/15)            Temple (0/1) D:7            Lair (0/6) D:11
    Orc (0/2) D:11        Ossuary (visited)          Bailey (visited)

Altars:
Elyvilon
Hepliaklqana
Makhleb
Nemelex Xobeh
Okawaru
Qazlal
Trog
Uskayaw
Zin
The Shining One

Shops:
D:2 (:[   D:7 !   D:10 [

Annotations:
D:2 exclusion: downstairs


Innate Abilities, Weirdness & Mutations

You are too large for most types of armour.
You have claws for hands.
Your natural rate of healing is unusually fast.
You are covered in fur. (AC +1)
You have tough skin. (AC +1)


Message History

The nine-headed hydra bites you but does no damage.
The nine-headed hydra bites you!
The nine-headed hydra bites you but does no damage.
The nine-headed hydra closely misses you.
You barely miss the nine-headed hydra.
The nine-headed hydra is moderately wounded.
You block the nine-headed hydra's attack.
The nine-headed hydra bites you!
You block the nine-headed hydra's attack. x3
The nine-headed hydra bites you.
The nine-headed hydra barely misses you.
The nine-headed hydra bites you.
The nine-headed hydra barely misses you.
You rip one of the nine-headed hydra's heads off!
The eight-headed hydra grows two more!
You claw the ten-headed hydra!
The ten-headed hydra is lightly wounded.
You block the ten-headed hydra's attack.
The ten-headed hydra bites you.
You block the ten-headed hydra's attack.
The ten-headed hydra bites you.
You block the ten-headed hydra's attack.
The ten-headed hydra bites you!
You block the ten-headed hydra's attack.
The ten-headed hydra bites you.
The ten-headed hydra bites you but does no damage. x2
You rip one of the ten-headed hydra's heads off!
The nine-headed hydra grows two more!
You claw the 11-headed hydra!
The 11-headed hydra is moderately wounded.
You block the 11-headed hydra's attack. The 11-headed hydra bites you!
You block the 11-headed hydra's attack. The 11-headed hydra bites you! x2
* * * LOW HITPOINT WARNING * * *
You block the 11-headed hydra's attack. The 11-headed hydra barely misses you.
The 11-headed hydra bites you!
* * * LOW HITPOINT WARNING * * *
The 11-headed hydra bites you.
* * * LOW HITPOINT WARNING * * *
The 11-headed hydra bites you!
* * * LOW HITPOINT WARNING * * *
The 11-headed hydra bites you!
You die...

#....#...#...................#...
#....#...#....###########....#...
#....#...#....#..................
#....#...#....#..................
#################................
#### #................ ...#
####(......#....#### ._.#
##..D...#.()#....#... ...#
##...@...#...######... #.###
###........#)..#........
...8######..........#...#........
.......##.......#...#............
.............#.##...#...>........
..........#######...#........####
....####### #########....#...
#.### #.....#....#... ##########
#..............


You could see a 11-headed hydra.

Vanquished Creatures
  A boulder beetle (D:11)
  A two-headed ogre (D:10)
  Pikel (D:8)
  An orc knight (Bailey)
  Maurice (D:8)
  2 unseen horrors
  A kobold demonologist (Arena)
  A hornet (D:9)
  Prince Ribbit (D:5)
  Sigmund (D:3)
  A meliai zombie (D:11)
  12 yaks
  2 wraiths
  2 wyverns
  A steam dragon (D:9)
  2 vampire mosquitoes (D:10)
  2 water moccasins
  A sky beast (D:7)
  7 orc warriors
  An ice beast (D:6)
  3 ogres
  The ghost of MCDelver the Insei, an amateur DsGl (D:5)
  A phantom (D:5)
  4 centaurs
  An elf zombie (Ossuary)
  12 kobold brigands
  3 gnoll sergeants
  3 bullfrogs
  A scorpion (D:5)
  A wyvern skeleton (D:7)
  A water moccasin skeleton (D:7)
  15 wights
  3 killer bees (D:8)
  4 howler monkeys
  2 electric eels (D:9)
  A bullfrog zombie (D:6)
  4 centaur zombies
  A human zombie (Ossuary)
  5 hounds
  3 orc priests
  2 jellies
  3 bullfrog skeletons
  A centaur skeleton (D:6)
  Terence (D:3)
  3 iguanas
  7 orc wizards
  2 hound skeletons
  3 hound zombies (Ossuary)
  3 mummies (Ossuary)
  16 gnolls
  5 adders
  A river rat (D:5)
  An ufetubus (D:4)
  5 adder zombies (Ossuary)
  2 dart slugs
  32 orcs
  12 endoplasms
  3 giant cockroaches
  A gnoll zombie (Ossuary)
  5 hobgoblins
  8 jackals
  3 quokkas
  8 ball pythons
  4 bats
  4 frilled lizards (D:1)
  10 goblins
  A goblin zombie (Ossuary)
  2 hobgoblin zombies (Ossuary)
  A jackal zombie (Ossuary)
  58 kobolds
  4 kobold zombies (Ossuary)
  4 orc zombies (Ossuary)
  6 quokka zombies (Ossuary)
  3 rats
  5 rat zombies (Ossuary)
340 creatures vanquished.

Vanquished Creatures (others)
  2 kobold brigands (Bailey)
  3 kobolds
  A plant (D:8)
6 creatures vanquished.

Grand Total: 346 creatures vanquished

Notes
Turn   | Place    | Note
-------+----------+-------------------------------------------
     0 | D:1      | danilk0ff the Troll Monk began the quest for the Orb.
     0 | D:1      | Reached XP level 1. HP: 22/22 MP: 0/0
   128 | D:1      | Reached XP level 2. HP: 25/29 MP: 1/1
   618 | D:2      | Reached XP level 3. HP: 36/36 MP: 2/2
   694 | D:2      | Found Upsar's Book Shoppe.
   731 | D:2      | Found Cuvowuc's Antique Armour Emporium.
   848 | D:2      | Found Cegub's Weapon Boutique.
  1203 | D:2      | Found a faded altar of an unknown god.
  1208 | D:2      | Prayed at the altar of an unknown god.
  1208 | D:2      | Became a worshipper of Warmaster Okawaru
  1208 | D:2      | Reached * piety under Okawaru
  1208 | D:2      | Reached ** piety under Okawaru
  1261 | D:3      | Reached skill level 1 in Throwing
  1542 | D:3      | Reached XP level 4. HP: 35/44 MP: 3/3
  1590 | D:3      | Noticed Sigmund
  1668 | D:3      | Reached skill level 1 in Invocations
  1670 | D:3      | Reached *** piety under Okawaru
  1760 | D:3      | Reached skill level 1 in Shields
  1785 | D:3      | Reached XP level 5. HP: 49/53 MP: 1/4
  1895 | D:3      | Noticed Terence
  1903 | D:3      | Killed Terence
  2067 | D:3      | Killed Sigmund
  2068 | D:3      | Reached XP level 6. HP: 61/61 MP: 3/6
  2533 | D:4      | Identified the +6 hand axe of Spontaneous Combustion
                  | {chaos, rC+}
  2713 | D:4      | Reached XP level 7. HP: 68/68 MP: 7/7
  2902 | D:4      | Reached **** piety under Okawaru
  3108 | D:4      | Reached skill level 1 in Axes
  3219 | D:5      | Entered Level 5 of the Dungeon
  3285 | D:5      | Found a sand-covered staircase.
  3315 | Ossuary  | Entered an ossuary
  3504 | Ossuary  | Reached XP level 8. HP: 78/78 MP: 7/9
  3921 | D:5      | Found a runed translucent gate.
  3922 | D:5      | Found a runed translucent gate.
  3922 | D:5      | Found a runed translucent gate.
  3923 | D:5      | Noticed MCDelver's ghost (amateur DsGl)
  3935 | D:5      | Killed MCDelver's ghost
  4248 | D:5      | Noticed Prince Ribbit
  4260 | D:5      | Killed Prince Ribbit
  4261 | D:5      | Reached skill level 5 in Unarmed Combat
  4367 | D:5      | Reached ***** piety under Okawaru
  4368 | D:5      | Reached skill level 5 in Fighting
  4368 | D:5      | Reached XP level 9. HP: 86/88 MP: 11/11
  4606 | D:6      | Reached skill level 5 in Throwing
  4682 | D:6      | Found an iron altar of Okawaru.
  4682 | D:6      | Found a white marble altar of Elyvilon.
  4682 | D:6      | Found a hazy altar of Hepliaklqana.
  4682 | D:6      | Found a glowing golden altar of the Shining One.
  4690 | D:6      | Found a glowing silver altar of Zin.
  4690 | D:6      | Found a stormy altar of Qazlal.
  4747 | D:6      | Found a sparkling altar of Nemelex Xobeh.
  5715 | D:6      | Reached skill level 5 in Invocations
  5741 | D:6      | Received a gift from Okawaru
  5841 | D:7      | Found Jecsah's Distillery.
  5846 | D:7      | Bought a potion of heal wounds for 70 gold pieces
  5846 | D:7      | Bought a potion of heal wounds for 70 gold pieces
  5846 | D:7      | Bought a potion of heal wounds for 70 gold pieces
  5967 | D:7      | Found a staircase to the Ecumenical Temple.
  6086 | D:7      | Received a gift from Okawaru
  6202 | D:7      | Reached skill level 5 in Shields
  6829 | D:8      | Noticed Pikel
  6838 | D:8      | Killed Pikel
  6839 | D:8      | Reached XP level 10. HP: 79/98 MP: 10/13
  6925 | D:8      | Found a burning altar of Makhleb.
  6926 | D:8      | Found a hide-covered altar of Uskayaw.
  6932 | D:8      | Found a bloodstained altar of Trog.
  7013 | D:8      | Noticed Maurice
  7031 | D:8      | Killed Maurice
  7048 | D:8      | Found a flagged portal.
  7083 | Bailey   | Entered a bailey
  7112 | Bailey   | Noticed an orc knight
  7136 | Bailey   | Killed an orc knight
  7262 | Bailey   | Identified the +1 leather armour "Vezinuw" {rElec rN+
                  | Str+4}
  7265 | Bailey   | Identified the +1 robe of Winter {+Blink +Inv rPois Str-2}
                  | (Okawaru gifted it to you in a bailey)
  7265 | Bailey   | Received a gift from Okawaru
  7458 | Bailey   | Found an iron altar of Okawaru.
  8956 | D:9      | Reached XP level 11. HP: 109/109 MP: 15/15
  9055 | D:10     | Entered Level 10 of the Dungeon
  9209 | D:10     | Noticed a two-headed ogre
  9216 | D:10     | Killed a two-headed ogre
  9408 | D:10     | Found Tycuurabb's Antique Armour Shop.
 10128 | D:11     | Found a glowing golden altar of the Shining One.
 10165 | D:11     | Found a staircase to the Lair.
 10205 | D:11     | Found a staircase to the Orcish Mines.
 10260 | D:11     | Identified a scroll of acquirement
 10260 | D:11     | Acquired 1345 gold pieces
 10318 | D:11     | Noticed a sixfirhy
 10323 | Arena    | Entered the Arena
 10426 | D:11     | Identified the +1 war axe "Qoof" {vorpal, Str+5 Stlth-}
 10455 | D:11     | Received a gift from Okawaru
 10705 | D:11     | Noticed a five-headed hydra
 10721 | D:11     | HP: 2/111 [eight-headed hydra (13)]
 10947 | D:11     | Noticed a boulder beetle
 10974 | D:11     | Killed a boulder beetle
 11261 | D:11     | HP: 5/111 [11-headed hydra (8)]
 11261 | D:11     | Mangled by an 11-headed hydra

Illustrated notes

Levels and vault maps discovered:
D:1:      lightli_arrival_lavapool, layout_basic
D:2:      layout_rooms, serial_shops, nicolae_shop_bloodbath_and_beyond,
          shop_coins, shop, shapermc_ecumenical_altar_hornbeckon,
          chequers_serial_rivers_marsh, grunt_decor_junction
D:3:      minmay_evil_eye, layout_basic, kennysheep_boxes, uniq_terence,
          uniq_sigmund
D:4:      layout_loops_ring
D:5:      layout_loops_ring, enter_ossuary_1, ebering_ghost_rock_garden,
          portal_sewer_entry_a, hangedman_decor_clover_reticule,
          minmay_misc_feat_plants, cheibrodos_gnoll_hut, uniq_prince_ribbit1
D:6:      layout_loops_corners, minmay_overflow_temple_hex,
          nemelex_xobeh_ov_fountains_minmay
D:7:      layout_cave_pods, minmay_temple_entry_gardened_gates, serial_shops,
          nicolae_stop_n_shop_2
D:8:      layout_cave_pools, gammafunk_temple_overflow_forgotten,
          enter_bailey_5, grunt_decor_resistance, uniq_maurice, uniq_pikel
D:9:      layout_loops_cross, minivault_14
D:10:     layout_loops_ring, serial_shops, shop
D:11:     layout_grid_maze, lair_entry_dummy, gauntlet_entry_generic,
          nicolae_tso_carved_into_rock
D:12:     layout_irregular_city, kennysheep_generic_room_5

Skill      XL: |  1  2  3  4  5  6  7  8  9 10 11 |
---------------+----------------------------------+-----
Throwing       | 1 2 3 4 6 7 8 |  8.2
Fighting       | 3 4 5 6 7 8 |  8.0
Unarmed Combat | 4 5 |  5.0
Invocations    | 1 2 3 4 5 7 8 |  8.1
Shields        | 1 2 4 5 6 7 |  7.3
Axes           | 1 2 |  2.6
Dodging        | |  2.7
Stealth        | |  1.0

Action                   |  1- 3 |  4- 6 |  7- 9 | 10-12 || total
-------------------------+-------+-------+-------+-------++-------
Melee: Unarmed           |    81 |    60 |   344 |   374 ||   859
       Hand axe          |       |    17 |    36 |       ||    53
Throw: Boomerang         |    35 |    31 |   106 |   130 ||   302
       Throwing net      |       |     3 |       |       ||     3
       Javelin           |       |     2 |     8 |     1 ||    11
       Dart              |       |       |     4 |    12 ||    16
Invok: Heroism           |       |     3 |     6 |     8 ||    17
       Finesse           |       |       |     1 |     4 ||     5
       Duel              |       |       |       |     1 ||     1
 Abil: Evoke Blink       |       |       |       |     2 ||     2
Evoke: Wand              |       |       |     3 |    12 ||    15
  Use: Scroll            |       |       |     8 |     7 ||    15
       Potion            |       |       |     1 |     5 ||     6
 Stab: Sleeping          |     2 |       |     3 |       ||     5
       Held in net/web   |       |     1 |       |       ||     1
       Paralysed         |       |       |     1 |       ||     1
       Distracted        |       |       |       |     2 ||     2
Armor: Robe              |    31 |    32 |    55 |    83 ||   201
Dodge: Dodged            |    24 |    33 |    78 |    84 ||   219
Block: Tower shield      |    28 |    68 |   388 |   475 ||   959
       Reflection        |       |       |    10 |    34 ||    44
